 Dungeon Sprint DCSS version 0.20-a0-16-g0876c8e (webtiles) character file.

24600000 packetloss the Axe Maniac (level 27, -5/247 (249) HPs)
             Began as a Formicid Skald on Nov 3, 2016.
             Was the Champion of Makhleb.
             Slain by a vile
             ... wielding a +0 morningstar
              (11 damage)
             ... in the Dungeon (Sprint VIII: "Arena of Blood").
             The game lasted 00:04:47 (246 turns).

packetloss the Axe Maniac (Formicid Skald)           Turns: 246, Time: 00:04:48

HP:   -5/247 (249)  AC:  6    Str: 21    XL:     27
MP:   51/54         EV: 34    Int: 12    God:    Makhleb [******]
Gold: 0             SH:  0    Dex: 19    Spells: 5 memorised, 69 levels left

rFire  . . .     SeeInvis +     k - +∞ Axe of Woe
rCold  . . .     Gourm    .     b - +0 leather armour
rNeg   . . .     Faith    .     (no shield)
rPois  .         Spirit   .     (helmet unavailable)
rElec  .         Reflect  .     (no cloak)
rCorr  .         Harm     .     (no gloves)
MR     ++...                    (no boots)
Stlth  +++.......               (no amulet)
                                (no ring)
                                (no ring)

@: confused, lethally poisoned (-5 -> -71), recuperating (expiring), diseased
A: permanent stasis, dig shafts and tunnels, four strong arms, antennae 3
a: Dig, Minor Destruction, Lesser Servant of Makhleb, Major Destruction, Greater
Servant of Makhleb, Renounce Religion


You were in the Dungeon.
You worshipped Makhleb.
Makhleb was exalted by your worship.
You were not hungry.

You visited 1 branch

Inventory:

Hand Weapons
 a - a +0 hand axe
 k - the +∞ Axe of Woe (weapon)
   (You found it in the Dungeon)
Armour
 b - a +0 leather armour (worn)
Jewellery
 l - an uncursed ring of protection from fire {rF+, !d}
   (You found it in the Dungeon)
 m - a +30 ring of slaying
   (You took it off an orc in the Dungeon)
 n - a +30 ring of slaying
   (You took it off an orc in the Dungeon)
 p - a +250 ring of slaying
   (You took it off a skeletal warrior in the Dungeon)
Scrolls
 j - a scroll of blinking {!r}
Potions
 e - a potion of curing
 f - a potion of heal wounds
 g - a potion of haste
 h - 2 potions of magic
 i - a potion of berserk rage {!q}
Books
 c - a book of Battle
Comestibles
 d - a bread ration {@e1}
 o - 4 chunks of flesh {@w0}


   Skills:
 O Level 27 Fighting
 O Level 27 Axes
 O Level 27 Throwing
 O Level 27 Armour
 O Level 27 Dodging
 O Level 27 Stealth
 O Level 27 Unarmed Combat
 O Level 27 Spellcasting
 O Level 27 Hexes
 O Level 27 Charms
 O Level 27 Necromancy
 O Level 27 Translocations
 O Level 27 Invocations


You had 69 spell levels left.
You knew the following spells:

 Your Spells              Type           Power        Failure   Level  Hunger
a - Infusion              Chrm           ####         0%          1    None
r - Regeneration          Chrm/Necr      ######....   0%          3    None
s - Shroud of Golubria    Chrm/Tloc      ######....   0%          2    None
z - Spectral Weapon       Hex/Chrm       ######..     0%          3    None
S - Song of Slaying       Chrm           ######..     0%          2    None


Dungeon Overview and Level Annotations

Branches:
Dungeon (1/1)

Altars:
Makhleb


Innate Abilities, Weirdness & Mutations

You are under a permanent stasis effect.
You can dig through walls and to a lower floor.
Your four strong arms can wield two-handed weapons with a shield.
You have a pair of large antennae on your head. (SInv)


Message History

MASSIVE DAMAGE!!
You are engulfed in dark miasma.
You are more poisoned.
You feel your flesh rotting away!
You feel ill.
Your skin is crawling a little less now.
You feel very sick.
You are confused.
You hear a shout! x8
The tyrant touches you!
You feel drained.
You are more confused.
You hear a shout! x4
Items here: )) == † a +9 war axe; a +30 ring of slaying; a +9 battleaxe; a +30 ring of slaying a meat berserker corpse You take 33 damage, and have 135/248 hp.
The bag of meat shouts!
The fleshlord shouts!
The eight-headed meat hydra roars!
You hit the tyrant.
You fatally mangle the tyrant.
You destroy the tyrant!
Makhleb accepts your kill.
You feel better.
Your life force feels restored.
You slash the vile!
You pulverise the vile into a thin bloody mist.
You destroy the vile!
Makhleb accepts your kill.
You are engulfed in dark miasma.
You are more poisoned.
You feel your flesh rotting away!
You feel very sick.
You hear a shout! x2
You are more confused.
The fleshlord mumbles some strange words.
The fleshlord seems to speed up.
You hear a shout! x2
You are more confused.
You hear a shout! x2
The eight-headed meat hydra calls on the powers of darkness!
The eight-headed meat hydra convulses!
The bag of meat convulses!
The large bag of meat convulses!
Your body is wracked with pain!
A dread comes into view.
You take 47 damage, and have 88/247 hp.
Unknown command.
You bump into the rock wall.
You feel very sick.
You hear a shout! x6
The fleshlord points at you and mumbles some strange words.
Your stasis keeps you stable.
Some rock shatters into small pieces.
You hear a shout!
The dread appears out of thin air!
A dread comes into view.
You hear a shout! x4
The eight-headed meat hydra calls on the powers of darkness!
The eight-headed meat hydra convulses!
The scourge convulses!
The eight-headed meat hydra convulses!
The eight-headed meat hydra roars!
The bag of meat convulses!
The large bag of meat convulses!
Your body is wracked with pain!
* * * LOW HITPOINT WARNING * * *
A scourge comes into view.
You take 45 damage, and have 43/247 hp.
Unknown command.
Unknown command.
You slice the large bag of meat!!
You slaughter the large bag of meat joyfully.
The large bag of meat explodes!
The fiery explosion engulfs you!
* * * LOW HITPOINT WARNING * * *
The fiery explosion engulfs the vile.
The vile completely resists.
The fiery explosion engulfs your spectral weapon.
Your spectral weapon resists.
Your spectral weapon shares its damage with you!
Makhleb accepts your kill.
You feel better.
* * * LOW HITPOINT WARNING * * *
You are engulfed in roaring flames.
* * * LOW HITPOINT WARNING * * *
x2 You feel very sick.
You hear a shout! x2; You hear a roar!
You hear a shout! x5
The dread calls on the powers of darkness!
The bag of meat convulses!
The eight-headed meat hydra convulses! x2
The scourge convulses!
Your body is wracked with pain!
* * * LOW HITPOINT WARNING * * *
The eight-headed meat hydra calls on the powers of darkness!
The eight-headed meat hydra convulses! x2; The scourge convulses!
The bag of meat convulses!
Your body is wracked with pain!
* * * LOW HITPOINT WARNING * * *
You hear a shout!
The eight-headed meat hydra calls on the powers of darkness!
The eight-headed meat hydra convulses! x2; The scourge convulses!
The bag of meat convulses!
Your body is wracked with pain!
* * * LOW HITPOINT WARNING * * *
You hear a shout!
The vile hits you with a morningstar!
You die...

#.#
#..9D.D...
#.#
#.....WS{O
#.#
#..%......
#.#
#.W.o.....
#.# .%.....
#.# ##.9.%.
#.###9§§###
#.#).@§§%.#
##..(#.§p.o#
#.###...%...
#. ###....
#. ##. #. #


You could see 2 eight-headed meat hydras, a scourge, a fleshlord, 2 dreads, 3
viles, 2 bags of meat and a friendly spectral Axe of Woe.

Vanquished Creatures
  A molten gargoyle (D)
  A hell knight (D)
  A greater mummy (D)
  A great orb of eyes (D)
  13 vampire knights (D)
  21 ogres (D)
  2 liches (D)
  57 orcs (D)
  3 hill giants (D)
  4 skeletal warriors (D)
  A small abomination (D)
105 creatures vanquished.

Vanquished Creatures (others)
  A hydra (D)
1 creature vanquished.

Grand Total: 106 creatures vanquished

Notes
Turn   | Place    | Note
-------+----------+-------------------------------------------
     0 | D        | packetloss the Formicid Skald began the quest for the Orb.
     0 | D        | Reached XP level 1. HP: 16/16 MP: 3/3
     2 | D        | Noticed a bag of meat
     3 | D        | Noticed a meat berserker
     3 | D        | Noticed a meat berserker
     4 | D        | Killed a meat berserker
     4 | D        | Reached skill level 22 in Axes
     4 | D        | Reached skill level 20 in Dodging
     4 | D        | Reached XP level 2. HP: 22/22 MP: 5/5
     4 | D        | Reached XP level 3. HP: 27/27 MP: 6/6
     4 | D        | Reached XP level 4. HP: 33/33 MP: 7/7
     4 | D        | Reached XP level 5. HP: 38/38 MP: 8/8
     4 | D        | Reached XP level 6. HP: 44/44 MP: 9/9
     4 | D        | Reached XP level 7. HP: 50/50 MP: 10/10
     4 | D        | Reached XP level 8. HP: 56/56 MP: 11/11
     4 | D        | Reached XP level 9. HP: 61/61 MP: 12/12
     4 | D        | Reached XP level 10. HP: 67/67 MP: 13/13
     4 | D        | Reached XP level 11. HP: 72/72 MP: 14/14
     4 | D        | Reached XP level 12. HP: 78/78 MP: 15/15
     4 | D        | Reached XP level 13. HP: 83/83 MP: 16/16
     5 | D        | Noticed a bag of meat
     5 | D        | Noticed a meat berserker
     5 | D        | Became a worshipper of Makhleb the Destroyer
     7 | D        | Noticed a bag of meat
     7 | D        | Killed a meat berserker
     7 | D        | Reached skill level 25 in Axes
     7 | D        | Reached skill level 23 in Dodging
     7 | D        | Reached XP level 14. HP: 90/90 MP: 17/17
     7 | D        | Reached XP level 15. HP: 95/95 MP: 18/18
     9 | D        | Killed a meat berserker
     9 | D        | Reached * piety under Makhleb
     9 | D        | Reached skill level 27 in Axes
     9 | D        | Reached skill level 26 in Dodging
     9 | D        | Reached XP level 16. HP: 60/101 MP: 19/19
     9 | D        | Reached skill level 27 in Dodging
     9 | D        | Reached skill level 11 in Fighting
     9 | D        | Reached skill level 11 in Armour
    11 | D        | Noticed a meat berserker
    11 | D        | Noticed a meat berserker
    11 | D        | Noticed a meat berserker
    13 | D        | Killed a meat berserker
    13 | D        | Reached skill level 18 in Fighting
    13 | D        | Reached skill level 18 in Armour
    13 | D        | Reached XP level 17. HP: 92/151 MP: 20/20
    13 | D        | Killed a meat berserker
    13 | D        | Reached ** piety under Makhleb
    13 | D        | Reached skill level 22 in Fighting
    13 | D        | Reached skill level 22 in Armour
    13 | D        | Reached XP level 18. HP: 103/170 MP: 21/21
    14 | D        | Noticed a meat berserker
    15 | D        | Killed a meat berserker
    15 | D        | Reached skill level 25 in Fighting
    15 | D        | Reached skill level 25 in Armour
    15 | D        | Reached skill level 27 in Fighting
    15 | D        | Reached skill level 27 in Armour
    15 | D        | Reached skill level 4 in Stealth
    15 | D        | Reached skill level 4 in Spellcasting
    15 | D        | Reached skill level 4 in Charms
    15 | D        | Reached skill level 4 in Invocations
    15 | D        | Reached XP level 19. HP: 178/189 MP: 21/25
    15 | D        | Reached *** piety under Makhleb
    15 | D        | Reached skill level 10 in Stealth
    15 | D        | Reached skill level 8 in Spellcasting
    15 | D        | Reached skill level 9 in Charms
    15 | D        | Reached skill level 10 in Invocations
    16 | D        | Noticed a meat berserker
    17 | D        | Noticed a meat berserker
    18 | D        | Noticed a destroyer
    18 | D        | Killed a meat berserker
    18 | D        | Reached skill level 16 in Stealth
    18 | D        | Reached skill level 13 in Spellcasting
    18 | D        | Reached skill level 13 in Charms
    18 | D        | Reached skill level 15 in Invocations
    19 | D        | Reached skill level 18 in Stealth
    19 | D        | Reached skill level 14 in Spellcasting
    19 | D        | Reached skill level 15 in Charms
    19 | D        | Reached skill level 17 in Invocations
    19 | D        | Reached XP level 20. HP: 197/197 MP: 21/38
    20 | D        | Noticed a meat berserker
    21 | D        | Killed a meat berserker
    21 | D        | Reached **** piety under Makhleb
    21 | D        | Reached skill level 21 in Stealth
    21 | D        | Reached skill level 17 in Spellcasting
    21 | D        | Reached skill level 17 in Charms
    21 | D        | Reached skill level 20 in Invocations
    21 | D        | Reached skill level 22 in Stealth
    21 | D        | Reached skill level 18 in Spellcasting
    21 | D        | Reached skill level 18 in Charms
    21 | D        | Reached skill level 21 in Invocations
    21 | D        | Reached skill level 24 in Stealth
    21 | D        | Reached skill level 19 in Spellcasting
    21 | D        | Reached skill level 19 in Charms
    21 | D        | Reached skill level 22 in Invocations
    21 | D        | Reached XP level 21. HP: 204/204 MP: 22/44
    21 | D        | Reached ***** piety under Makhleb
    21 | D        | Reached skill level 25 in Stealth
    21 | D        | Reached skill level 20 in Spellcasting
    21 | D        | Reached skill level 20 in Charms
    21 | D        | Reached skill level 23 in Invocations
    22 | D        | Noticed a meat berserker
    22 | D        | Killed a meat berserker
    22 | D        | Reached skill level 27 in Stealth
    22 | D        | Reached skill level 22 in Spellcasting
    22 | D        | Reached skill level 22 in Charms
    22 | D        | Reached skill level 25 in Invocations
    22 | D        | Reached skill level 23 in Spellcasting
    22 | D        | Reached skill level 23 in Charms
    22 | D        | Reached skill level 26 in Invocations
    23 | D        | Noticed a destroyer
    23 | D        | Reached skill level 24 in Spellcasting
    23 | D        | Reached skill level 24 in Charms
    23 | D        | Reached skill level 27 in Invocations
    23 | D        | Reached XP level 22. HP: 212/212 MP: 22/50
    23 | D        | Reached skill level 25 in Spellcasting
    23 | D        | Reached skill level 25 in Charms
    23 | D        | Killed a destroyer
    23 | D        | Reached skill level 27 in Spellcasting
    23 | D        | Reached skill level 27 in Charms
    23 | D        | Reached skill level 13 in Throwing
    23 | D        | Reached skill level 13 in Unarmed Combat
    24 | D        | Reached skill level 16 in Throwing
    24 | D        | Reached skill level 16 in Unarmed Combat
    24 | D        | Reached XP level 23. HP: 219/219 MP: 22/54
    24 | D        | Reached skill level 18 in Throwing
    24 | D        | Reached skill level 18 in Unarmed Combat
    25 | D        | Reached skill level 20 in Throwing
    25 | D        | Reached skill level 20 in Unarmed Combat
    25 | D        | Reached ****** piety under Makhleb
    25 | D        | Reached skill level 22 in Throwing
    25 | D        | Reached skill level 22 in Unarmed Combat
    26 | D        | Noticed a destroyer
    26 | D        | Reached skill level 23 in Throwing
    26 | D        | Reached skill level 23 in Unarmed Combat
    26 | D        | Reached skill level 26 in Throwing
    26 | D        | Reached skill level 26 in Unarmed Combat
    26 | D        | Reached XP level 24. HP: 227/227 MP: 23/54
    26 | D        | Reached skill level 27 in Throwing
    26 | D        | Reached skill level 27 in Unarmed Combat
    28 | D        | Reached XP level 25. HP: 234/234 MP: 23/54
    30 | D        | Noticed a destroyer
    30 | D        | Killed a destroyer
    30 | D        | Reached XP level 26. HP: 242/242 MP: 24/54
    31 | D        | Killed a destroyer
    31 | D        | Reached XP level 27. HP: 249/249 MP: 24/54
    33 | D        | Noticed a destroyer
    33 | D        | Killed a destroyer
    34 | D        | Noticed a destroyer
    34 | D        | Noticed a destroyer
    36 | D        | Killed a destroyer
    37 | D        | Noticed a destroyer
    37 | D        | Noticed a destroyer
    37 | D        | Noticed a destroyer
    38 | D        | Noticed a destroyer
    38 | D        | Killed a destroyer
    40 | D        | Killed a destroyer
    40 | D        | Killed a destroyer
    40 | D        | Killed a destroyer
    41 | D        | Noticed a destroyer
    41 | D        | Killed a destroyer
    43 | D        | Killed a destroyer
    49 | D        | Noticed a tyrant
    52 | D        | Noticed a destroyer
    53 | D        | Noticed an accursed
    53 | D        | Killed a tyrant
    55 | D        | Killed a destroyer
    57 | D        | Noticed a destroyer
    57 | D        | Noticed a tyrant
    94 | D        | Learned a level 3 spell: Spectral Weapon
    98 | D        | Learned a level 3 spell: Regeneration
   101 | D        | Learned a level 2 spell: Song of Slaying
   104 | D        | Learned a level 2 spell: Shroud of Golubria
   107 | D        | Reached skill level 10 in Hexes
   109 | D        | Reached skill level 18 in Hexes
   110 | D        | Reached skill level 23 in Hexes
   112 | D        | Killed an accursed
   112 | D        | Reached skill level 27 in Hexes
   112 | D        | Reached skill level 18 in Necromancy
   112 | D        | Reached skill level 16 in Translocations
   113 | D        | Reached skill level 20 in Necromancy
   113 | D        | Reached skill level 18 in Translocations
   114 | D        | Reached skill level 21 in Necromancy
   114 | D        | Reached skill level 20 in Translocations
   116 | D        | Reached skill level 23 in Necromancy
   116 | D        | Reached skill level 21 in Translocations
   117 | D        | Reached skill level 24 in Necromancy
   117 | D        | Reached skill level 22 in Translocations
   119 | D        | Reached skill level 25 in Necromancy
   119 | D        | Reached skill level 24 in Translocations
   120 | D        | Reached skill level 26 in Necromancy
   120 | D        | Reached skill level 25 in Translocations
   127 | D        | Reached skill level 27 in Necromancy
   127 | D        | Reached skill level 27 in Translocations
   152 | D        | Noticed a tyrant
   186 | D        | Noticed a tyrant
   186 | D        | Noticed a fleshlord
   193 | D        | HP: 37/249 [??? (34)]
   195 | D        | Noticed a fleshlord
   197 | D        | Killed a fleshlord
   200 | D        | Killed a destroyer
   241 | D        | Noticed a vile
   243 | D        | Noticed a vile
   243 | D        | Noticed a vile
   244 | D        | Killed a tyrant
   244 | D        | Killed a vile
   245 | D        | Noticed a dread
   245 | D        | HP: 43/247 [??? (40)]
   246 | D        | Noticed a dread
   246 | D        | HP: 2/247 [large bag of meat/exploding inner flame (41)]
   246 | D        | Slain by a vile

Vault maps used:
D:        meatsprint

Skill      XL: |  1  2  3  4  5  6  7  8  9 10 11 12 13 14 15 16 17 18 19 20 21 22 23 24 25 26 27 |
---------------+----------------------------------------------------------------------------------+-----
Axes           | 22 25 27 | 27.0
Dodging        | 20 23 26 27 | 27.0
Fighting       | 18 22 27 | 27.0
Armour         | 18 22 27 | 27.0
Stealth        | 4 18 24 27 | 27.0
Spellcasting   | 4 14 19 24 27 | 27.0
Charms         | 4 15 19 24 27 | 27.0
Invocations    | 4 17 22 27 | 27.0
Throwing       | 16 26 27 | 27.0
Unarmed Combat | 16 26 27 | 27.0
Hexes          | 27 | 27.0
Necromancy     | 27 | 27.0
Translocations | 27 | 27.0

Action                   |  1- 3 |  4- 6 |  7- 9 | 10-12 | 13-15 | 16-18 | 19-21 | 22-24 | 25-27 || total
-------------------------+-------+-------+-------+-------+-------+-------+-------+-------+-------++-------
Melee: Executioner's axe |     1 |       |       |       |     2 |     2 |     5 |     5 |    44 ||    59
 Cast: Regeneration      |       |       |       |       |       |       |       |       |     2 ||     2
       Spectral Weapon   |       |       |       |       |       |       |       |       |     1 ||     1
 Abil: Dig               |       |       |       |       |       |       |       |       |     4 ||     4
 Stab: Distracted        |       |       |       |       |       |       |       |       |     2 ||     2
Dodge: Dodged            |       |       |       |       |       |       |       |       |     3 ||     3

Vault maps used:
D:        meatsprint

Table legend:
 A = Turns spent in this place as a percentage of turns spent in the entire game.
 B = Non-inter-level travel turns spent in this place as a percentage of non-inter-level travel turns spent in the entire game.
 C = Inter-level travel turns spent in this place as a percentage of turns spent in this place.
 D = Turns resting spent in this place as a percentage of non-inter-level travel turns spent in this place.
 E = Turns spent auto-exploring this place as a percentage of non-inter-level travel turns spent in this place.
 F = Non-inter-level travel turns spent in this place divided by the number of levels of this place that you've seen.
                   A       B       C       D       E      F
               +-------+-------+-------+-------+-------+----------------------
         Total | 100.0 | 100.0 |   0.0 |   0.0 |   0.0 | 349.0
       Dungeon | 100.0 | 100.0 |   0.0 |   0.0 |   0.0 | 349.0
               +-------+-------+-------+-------+-------+----------------------

Table legend:
 A = Kills in this place as a percentage of kills in entire the game.
 B = Kills by you in this place as a percentage of kills by you in the entire game.
 C = Kills by friends in this place as a percentage of kills by friends in the entire game.
 D = Other kills in this place as a percentage of other kills in the entire game.
 E = Experience gained in this place as a percentage of experience gained in the entire game.
 F = Experience gained in this place divided by the number of levels of this place that you have seen.
                   A       B       C       D       E      F
               +-------+-------+-------+-------+-------+----------------------
         Total | 100.0 | 100.0 |  -nan |  -nan | 100.0 | 2839887.0
       Dungeon | 100.0 | 100.0 |  -nan |  -nan | 100.0 | 2839887.0
               +-------+-------+-------+-------+-------+----------------------
